AoeStats
← 66847804

Black Forest

510038655Analyzed
2v2 RM · 3d ago on Sep 29, 2026· 65m 57s· 4 players
Game mode
Random Map
Map size
Medium (4 player)
Population
200
Speed
Normal
Resources
Standard
Victory
Conquest
Starting age
Dark Age
Ending age
Imperial Age
RankedLock teamsTeams togetherTeam positionsShared explorationLock speedFull tech treeHidden civsTurbo modeCheats
Victory
Defeat
🇨🇳 Chinese · China
919
+8
🇨🇳 Persians · China
901
+13
🇲🇽 Teutons · Mexico
762
-10
🇨🇳 Chinese · China
719
-8
brauxico
1:52 Loom
16:49 Feudal Age
17:02 Man-at-Arms
21:58 Double-Bit Axe
28:51 Castle Age
26:37 Town Watch
33:58 Stone Mining
37:36 Pikeman
39:35 Forging
月照彩云归
0:28 Loom
11:10 Feudal Age
11:40 Double-Bit Axe
17:53 Gold Mining
23:04 Castle Age
20:31 Man-at-Arms
21:32 Fletching
22:11 Bloodlines
23:01 Padded Archer Armor
23:12 Stone Mining
24:52 Bodkin Arrow
26:06 Scale Barding Armor
27:21 Chain Barding Armor
26:36 Elite Skirmisher
28:34 Bow Saw
28:49 Horse Collar
29:32 Heavy Plow
33:59 Imperial Age
32:23 Husbandry
34:32 Cavalier
35:35 Bracer
38:56 Pikeman
39:37 Squires
40:18 Great Wall
41:37 Wheelbarrow
41:28 Leather Archer Armor
41:57 Conscription
42:44 Gold Shaft Mining
42:19 Halberdier
44:17 Chemistry
43:37 Ballistics
43:08 Heated Shot
49:41 Ring Archer Armor
49:44 Forging
50:20 Scale Mail Armor
55:45 Hand Cart
56:14 Iron Casting
55:55 Chain Mail Armor
59:41 Blast Furnace
62:18 Long Swordsman
63:24 Two-Handed Swordsman
huiqunzheng3
0:43 Loom
13:27 Feudal Age
14:00 Horse Collar
14:10 Double-Bit Axe
20:04 Castle Age
18:27 Fletching
22:43 Scale Barding Armor
26:11 Thumb Ring
28:03 Bow Saw
27:55 Heavy Plow
28:09 Bodkin Arrow
29:54 Ballistics
30:03 Padded Archer Armor
30:06 Squires
35:51 Imperial Age
34:27 Leather Archer Armor
34:40 Pikeman
35:51 Chain Barding Armor
37:04 Elite Chu Ko Nu
38:04 Bloodlines
37:58 Husbandry
39:20 Bracer
39:51 Ring Archer Armor
42:56 Two-Man Saw
43:03 Chemistry
43:48 Light Cavalry
51:11 Plate Barding Armor
50:47 Forging
61:27 Iron Casting
66847804
1:11 Loom
13:02 Feudal Age
17:32 Fletching
23:36 Wheelbarrow
35:30 Castle Age
35:04 Scale Mail Armor
39:32 Hand Cart
40:01 Bodkin Arrow
41:29 Bloodlines
44:48 Gold Mining
47:53 Elite Skirmisher
49:31 Padded Archer Armor
49:38 Thumb Ring
52:49 Leather Archer Armor
55:34 Husbandry
55:50 Bloodlines
61:32 Imperial Age
60:43 Forging
63:25 Light Cavalry
64:12 Scale Barding Armor
64:43 Iron Casting
65:11 Town Watch
65:57 Ring Archer Armor
65:48 Chain Barding Armor
Connection lost

Rejoining the realm…

Still unreachable

The connection could not be restored.

Session expired

The server has moved on; the page needs a fresh start.